 Dungeon Crawl Stone Soup version 0.19-a0-1341-g3513869 (webtiles) character file.

87 Amnesiac the Chopper (level 4, 0/41 HPs)
             Began as a Hill Orc Monk on Sept 1, 2016.
             Was an Elder of Zin.
             Slain by Sigmund
             ... wielding a +0 scythe
              (13 damage)
             ... on level 3 of the Dungeon.
             The game lasted 00:03:02 (1678 turns).

Amnesiac the Chopper (Hill Orc Monk)                Turns: 1678, Time: 00:03:02

Health: 0/41       AC:  6    Str: 13    XL:     4   Next: 51%
Magic:  4/4        EV: 11    Int: 10    God:    Zin [****..]
Gold:   101        SH:  0    Dex: 14    Spells: 0 memorised, 3 levels left

rFire  + . .     SeeInvis .     a - +0 hand axe
rCold  . . .     Gourm    .     q - +0 ring mail (curse)
rNeg   . . .     Faith    .     (no shield)
rPois  .         Spirit   .     (no helmet)
rElec  .         Dismiss  .     (no cloak)
rCorr  .         Reflect  .     (no gloves)
MR     .....     Harm     .     e - +0 pair of boots
Stlth  +.........               (no amulet)
                                (no ring)
                                s - ring of protection from fire

@: no status effects
A: no striking features
a: Recite, Vitalisation, Imprison, Donate Gold, Renounce Religion


You were on level 3 of the Dungeon.
You worshipped Zin.
Zin was greatly pleased with you.
You were not hungry.

You visited 1 branch of the dungeon, and saw 3 of its levels.

You collected 112 gold pieces.
You donated 11 gold pieces to Zin.

Inventory:

Hand Weapons
 a - a +0 hand axe (weapon)
Armour
 e - a +0 pair of boots (worn)
 q - a cursed +0 ring mail (worn)
Magical Staves
 y - an uncursed staff of fire
Jewellery
 s - a ring of protection from fire (left hand)
Scrolls
 b - a scroll of blinking {unknown}
 f - a scroll of immolation {unknown}
 h - a scroll of amnesia {unknown}
 i - a scroll of fear {unknown}
 o - a scroll of remove curse {unknown}
 u - a scroll of teleportation {unknown}
 x - a scroll of recharging {unknown}
Potions
 g - a potion of degeneration {unknown}
 j - a potion of heal wounds {unknown}
 k - a potion of flight {unknown}
 m - 2 potions of agility {unknown}
 n - a potion of lignification {unknown}
 p - a potion of resistance {unknown}
 r - a potion of curing {unknown}
 v - a potion of ambrosia {unknown}
Comestibles
 c - 3 bread rations
 d - 2 slices of pizza
 l - a meat ration
 t - 4 chunks of flesh
 w - a royal jelly


   Skills:
 + Level 4.8 Fighting
 * Level 5.8 Axes
 - Level 2.4 Dodging
 - Level 1.5 Stealth


You had 3 spell levels left.
You didn't know any spells.

Dungeon Overview and Level Annotations

Branches:
Dungeon (3/15)

Altars:
Zin

Annotations:
D:3 Sigmund


Message History

Deactivating autopickup; reactivate with Ctrl-A.
The orc shouts!
Found 6 gold pieces.
There is an open door here.
There is an open door here.
A magic dart appears from out of thin air!
The magic dart hits you! Something hits you!
You hit something. Something hits you.
You closely miss something. Something hits you!
You hit something. You barely miss something. Something hits you.
* * * LOW HITPOINT WARNING * * *
Some of the chunks of flesh in your inventory have rotted away.
Unknown command.
Your ring mail prevents you from hitting something.
Something hits you but does no damage.
You miss something. You closely miss something. Something hits you!
You die...

###.....# b .......$# ..
.......+ #.. #.....#
#...##.....### #............#
#............# #######
#...........o###.....#
............w{@'.....#
#............###.....######
.............###.........>#####
......#####........#'####......
....$. #........#.# #.#####
...... #........#.# #.#.#
...... #......÷.#+####.#.###
.$. #####......†.....##.#....
#.......#####....##.#....


You could see a worm and an orc.

Vanquished Creatures
  2 adders (D:2)
  2 oozes (D:1)
  2 worms (D:2)
  4 dart slugs
  A giant gecko (D:1)
  2 giant cockroaches
  5 goblins (D:1)
  5 hobgoblins
  7 kobolds
  2 quokkas
  2 ball pythons
  5 bats
  3 giant newts
  3 rats
45 creatures vanquished.

Notes
Turn   | Place    | Note
-------+----------+-------------------------------------------
     0 | D:1      | Amnesiac the Hill Orc Monk began the quest for the Orb.
     0 | D:1      | Reached XP level 1. HP: 19/19 MP: 1/1
    55 | D:1      | Reached XP level 2. HP: 11/27 MP: 2/2
   339 | D:2      | Found a faded altar of an unknown god.
   385 | D:2      | Became a worshipper of Zin the Law-Giver
   385 | D:2      | Reached * piety under Zin
   385 | D:2      | Reached ** piety under Zin
   537 | D:1      | Reached XP level 3. HP: 31/33 MP: 3/3
   579 | D:1      | Reached skill level 5 in Axes
   611 | D:1      | Reached *** piety under Zin
  1099 | D:2      | Reached XP level 4. HP: 30/41 MP: 4/4
  1636 | D:3      | Reached **** piety under Zin
  1657 | D:3      | Noticed Sigmund
  1678 | D:3      | Slain by Sigmund

Vault maps used:
D:1:      nicolae_arrival_somewhat_less_tricky_arrival, supply_closet_lemuel
D:2:      ecumenical_altar_2, first_bread, kennysheep_generic_room_14
D:3:      kennysheep_slug_shrine, uniq_sigmund, uniq_crazy_yiuf_cottage

Skill      XL: |  1  2  3 |
---------------+----------+-----
Fighting       | 4 |  4.8
Axes           | 5 |  5.8
Dodging        | |  2.4
Stealth        | |  1.5

Action                   |  1- 3 |  4- 6 || total
-------------------------+-------+-------++-------
Melee: Hand axe          |   110 |    63 ||   173
  Eat: Chunk             |       |     3 ||     3
Armor: Robe              |     7 |       ||     7
       Ring mail         |    38 |    19 ||    57
Dodge: Dodged            |    84 |    36 ||   120
